[Event "Titled Tuesday Blitz April 12 Late 2022"]
[White "Shuvalova, Polina"]
[Black "Dauner, Benedikt"]
[WhiteFideId "24171760"]
[BlackFideId "16225899"]
[WhiteElo "2355"]
[BlackElo "2230"]
[Result "1-0"]
[Round "05"]
[TimeControl "180+1"]
[Date "2022.04.13"]
[WhiteClock "0:00:53"]
[BlackClock "0:00:08"]

1. d4 Nf6 2. Nf3 e6 3. Bf4 b6 4. e3 Bb7 5. h3 Bd6 6. Bxd6 cxd6 7. Nbd2 O-O 8. Bd3 d5 9. O-O Ne4 10. c4 f5 11. Rc1 d6 12. Qc2 Nd7 13. cxd5 exd5 14. Qc7 Rb8 15. Qxd8 Rfxd8 16. Rc7 Nf8 17. Rfc1 Ne6 18. Re7 Re8 19. Rxe8+ Rxe8 20. Nb1 Rc8 21. Rxc8+ Bxc8 22. Nc3 Bb7 23. Kf1 Kf7 24. Ke2 Ke7 25. a4 a5 26. Nb5 Ba6 27. Nc3 Bxd3+ 28. Kxd3 Nxf2+ 29. Ke2 Ne4 30. Nxd5+ Kd7 31. Nxb6+ Kc6 32. Nc4 Ng3+ 33. Kd3 g5 34. Nxa5+ Kd5 35. Nd2 h5 36. b4 g4 37. hxg4 fxg4 38. b5 h4 39. Nac4 Ng5 40. a5 h3 41. gxh3 gxh3 42. a6 Ne6 43. e4+ Nxe4 44. Ne3# 1-0


[Site "https://www.chess.com"]

[Event "Titled Tuesday Blitz April 12 Late 2022"]
[White "Silvestre, Christian"]
[Black "Sailer, Mike"]
[WhiteFideId "30956269"]
[BlackFideId "2012901"]
[WhiteElo "2423"]
[BlackElo "2109"]
[Result "0-1"]
[Round "05"]
[TimeControl "180+1"]
[Date "2022.04.13"]
[WhiteClock "0:00:37"]
[BlackClock "0:00:09"]

1. e4 d5 2. exd5 Qxd5 3. Nc3 Qd6 4. Nb5 Qb6 5. d4 c6 6. Nc3 Nf6 7. Bc4 Bf5 8. Nf3 e6 9. O-O Be7 10. Re1 O-O 11. Bb3 Nbd7 12. Ne5 Nxe5 13. dxe5 Rad8 14. Qe2 Nd5 15. Na4 Qc7 16. c4 Nb4 17. Be3 Bd3 18. Qf3 Nc2 19. Bxc2 Bxc2 20. Nc3 b6 21. Qg3 Kh8 22. h4 h6 23. Rac1 Bh7 24. h5 Rd3 25. Rcd1 Rxd1 26. Rxd1 Rd8 27. Rxd8+ Qxd8 28. Qf3 Qe8 29. Ne4 Bxe4 30. Qxe4 Qd7 31. Qd4 Qxd4 32. Bxd4 f6 33. f4 f5 34. Kf2 g6 35. hxg6 Kg7 36. Kf3 Kxg6 37. g3 Kh5 38. a3 Bc5 39. Bc3 b5 40. b4 Bg1 41. cxb5 cxb5 42. Bd2 a6 43. Bc3 Bb6 44. Bb2 Bg1 45. Kg2 Be3 46. Bc3 Bc1 47. Kf3 Bxa3 48. Be1 Bb2 49. Bd2 Bd4 50. Kg2 Kg4 51. Be1 h5 52. Bd2 h4 53. gxh4 Kxh4 54. Kf3 Kh3 55. Be1 Bb2 56. Bd2 Bd4 57. Be3 Bxe3 58. Kxe3 Kg3 59. Kd4 Kxf4 60. Kc5 Kxe5 61. Kc6 f4 62. Kb6 f3 63. Kxa6 f2 64. Kxb5 f1=Q+ 65. Ka5 Qf8 66. b5 Qb8 67. b6 Kd5 68. Kb5 e5 69. b7 e4 70. Ka4 e3 71. Ka3 e2 72. Ka2 e1=Q 73. Kb3 Qxb7+ 74. Kc2 Qc6+ 75. Kd3 Qe4+ 76. Kd2 Qcc2# 0-1


[Site "https://www.chess.com"]

[Event "Titled Tuesday Blitz April 12 Late 2022"]
[White "Song, Michael"]
[Black "Aldokhin, Ivan"]
[WhiteFideId "2613190"]
[BlackFideId "24115720"]
[WhiteElo "2274"]
[BlackElo "2231"]
[Result "1-0"]
[Round "05"]
[TimeControl "180+1"]
[Date "2022.04.12"]
[WhiteClock "0:00:10"]
[BlackClock "0:00:06"]

1. e4 c5 2. Nc3 e6 3. f4 Nc6 4. Nf3 a6 5. d4 cxd4 6. Nxd4 Nxd4 7. Qxd4 Ne7 8. Be3 Nc6 9. Qd2 d6 10. O-O-O Be7 11. g4 b5 12. h4 Bb7 13. g5 Qa5 14. Kb1 Rd8 15. h5 b4 16. Ne2 d5 17. Bg2 dxe4 18. Qe1 O-O 19. Rxd8 Rxd8 20. Bxe4 Bc5 21. Nc1 Bxe3 22. Qxe3 Qc7 23. Nd3 Nd4 24. Rc1 a5 25. g6 fxg6 26. hxg6 Bxe4 27. Qxe4 hxg6 28. Qxg6 Qf7 29. Qg5 Qf6 30. Qxa5 Rb8 31. Qa7 Rd8 32. Qc5 Ne2 33. Rf1 Rd4 34. Qe5 Qxe5 35. fxe5 Rd5 36. Re1 Nd4 37. Nxb4 Rb5 38. c3 Nf3 39. a4 Rxb4 40. cxb4 Nxe1 41. a5 Nd3 42. a6 Nxb4 43. a7 Nd5 44. a8=Q+ Kf7 45. Qc6 Ne7 46. Qd7 g5 47. b4 g4 48. b5 g3 49. Qd3 Nf5 50. Qf3 Ke7 51. b6 Kd7 52. Qb7+ Ke8 53. Qc8+ Kf7 54. Qc7+ Kg6 55. b7 g2 56. Qc1 1-0


[Site "https://www.chess.com"]

[Event "Titled Tuesday Blitz April 12 Late 2022"]
[White "Soysal, Serkan"]
[Black "Sadilek, Peter"]
[WhiteFideId "6349250"]
[BlackFideId "1616439"]
[WhiteElo "2440"]
[BlackElo "2145"]
[Result "0-1"]
[Round "05"]
[TimeControl "180+1"]
[Date "2022.04.13"]
[WhiteClock "0:00:15"]
[BlackClock "0:00:48"]

1. e4 g6 2. d4 Bg7 3. Nc3 d6 4. Nf3 Nf6 5. Be2 Nc6 6. O-O O-O 7. Be3 Bg4 8. d5 Bxf3 9. Bxf3 Ne5 10. Be2 c6 11. f4 Ned7 12. Qd2 cxd5 13. exd5 a6 14. a4 Rc8 15. a5 Rxc3 16. bxc3 Ne4 17. Qd3 Nxc3 18. Ra3 Qc7 19. Bf3 Nb5 20. Rb3 Nc5 21. Bxc5 Qxc5+ 22. Kh1 Rc8 23. Rc1 Bc3 24. f5 Rc7 25. fxg6 hxg6 26. h4 Qf2 27. Qe4 Be5 28. c4 Nd4 29. Rd3 Nf5 30. Be2 Ng3+ 31. Rxg3 Qxg3 32. Kg1 Kg7 33. Rf1 f5 34. Qd3 Qxh4 35. Rf3 Bd4+ 0-1


[Site "https://www.chess.com"]

[Event "Titled Tuesday Blitz April 12 Late 2022"]
[White "Stanisz, Patryk"]
[Black "Winkels, Marcel"]
[WhiteFideId "1123106"]
[BlackFideId "1003887"]
[WhiteElo "1833"]
[BlackElo "1900"]
[Result "1-0"]
[Round "05"]
[TimeControl "180+1"]
[Date "2022.04.13"]
[WhiteClock "0:00:20"]
[BlackClock "0:00:02"]

1. e4 b6 2. Nc3 Bb7 3. Nf3 e6 4. g3 d6 5. Bg2 Nd7 6. O-O Ngf6 7. Qe2 Be7 8. d4 O-O 9. e5 Nd5 10. Bd2 Nxc3 11. Bxc3 Re8 12. Rad1 Nf8 13. Rfe1 d5 14. h4 h6 15. Bd2 c5 16. c3 Rc8 17. Bf4 Ng6 18. Be3 Qc7 19. Rc1 a6 20. Bh3 b5 21. a4 bxa4 22. Qc2 Bc6 23. Bxe6 Nxh4 24. Nxh4 Bxh4 25. Bxc8 Qxc8 26. gxh4 Qg4+ 27. Kf1 Bb5+ 28. Re2 f6 29. exf6 Qf3 30. Ke1 Bxe2 31. Qxe2 Qe4 32. fxg7 cxd4 33. cxd4 a3 34. bxa3 Rb8 35. Qc2 Qh1+ 36. Kd2 Qxh4 37. Qf5 1-0


[Site "https://www.chess.com"]

[Event "Titled Tuesday Blitz April 12 Late 2022"]
[White "Stelmaszyk, Nico"]
[Black "Plazuelo Pascual, Juan"]
[WhiteFideId "16200462"]
[BlackFideId "32059566"]
[WhiteElo "2119"]
[BlackElo "2359"]
[Result "0-1"]
[Round "05"]
[TimeControl "180+1"]
[Date "2022.04.13"]
[WhiteClock "0:01:05"]
[BlackClock "0:00:10"]

1. e4 c5 2. Nf3 Nc6 3. c3 Nf6 4. e5 Nd5 5. d4 d6 6. exd6 cxd4 7. dxe7 Bxe7 8. cxd4 O-O 9. Be2 Bb4+ 10. Bd2 Nf4 11. O-O Nxe2+ 12. Qxe2 Nxd4 13. Nxd4 Qxd4 14. Bc3 Qb6 15. Bxb4 Qxb4 16. Nc3 Be6 17. Qb5 Qxb5 18. Nxb5 Bc4 19. Nc7 Rac8 20. Rfc1 Rxc7 21. b3 Rfc8 22. bxc4 Rxc4 23. Rxc4 Rxc4 24. Kf1 Kf8 25. Rb1 b6 26. Rb3 Rc2 27. a3 Ke7 28. Rd3 g6 29. g4 Ke6 30. Kg2 b5 31. Rb3 a6 32. a4 Rc5 33. axb5 axb5 34. Rf3 b4 35. Kf1 Rb5 36. Rb3 Kd5 37. Ke2 Kc4 38. Rb1 b3 39. Kd2 b2 40. Kc2 Kd4 41. Rd1+ Ke4 42. Kb1 Rb7 43. Rd6 Kf3 44. g5 Kxf2 45. Rd4 Ke3 46. Rc4 Kd3 47. Rh4 Kc3 48. Rxh7 Rd7 49. Rh3+ Rd3 50. Rxd3+ Kxd3 51. Kxb2 Ke4 52. Kc3 Kf4 53. Kd4 Kxg5 54. Ke3 Kg4 55. Kf2 Kh3 56. Kg1 f5 57. Kh1 Kg4 58. Kg2 Kf4 59. Kf2 Ke4 60. Kg3 g5 61. Kf2 Kf4 62. Ke2 Kg4 63. Kf2 Kh3 64. Kg1 Kh4 65. Kg2 g4 66. Kf2 Kh3 67. Kg1 f4 68. Kh1 g3 69. hxg3 fxg3 70. Kg1 g2 71. Kf2 Kh2 72. Kf3 g1=Q 73. Kf4 Qg3+ 74. Kf5 Qh4 75. Ke6 Qg5 76. Kd7 Qf6 77. Kc8 Qe7 78. Kb8 Kg3 79. Ka8 Kf4 80. Kb8 Ke5 81. Ka8 Kd6 82. Kb8 Kc6 83. Ka8 Qb7# 0-1


[Site "https://www.chess.com"]

[Event "Titled Tuesday Blitz April 12 Late 2022"]
[White "Svane, Frederik"]
[Black "Tillyaev, Ulugbek"]
[WhiteFideId "12923044"]
[BlackFideId "14202441"]
[WhiteElo "2459"]
[BlackElo "2377"]
[Result "1-0"]
[Round "05"]
[TimeControl "180+1"]
[Date "2022.04.12"]
[WhiteClock "0:00:03"]
[BlackClock "0:00:10"]

1. e4 c5 2. Nf3 Nc6 3. Bb5 g6 4. O-O Bg7 5. Re1 Nf6 6. e5 Nd5 7. Nc3 Nc7 8. Bxc6 dxc6 9. Ne4 b6 10. h3 O-O 11. d3 Bf5 12. a4 c4 13. Ng3 cxd3 14. Nxf5 gxf5 15. cxd3 Qd5 16. d4 Rad8 17. Bg5 Rfe8 18. Qc2 Ne6 19. Qxf5 Nxd4 20. Nxd4 Qxd4 21. e6 f6 22. Be3 Qd5 23. Qg4 f5 24. Qg3 Kh8 25. Bg5 Rd6 26. Rad1 Qxd1 27. Rxd1 Rxd1+ 28. Kh2 Rd6 29. Qe3 Bxb2 30. a5 Bd4 31. Qf4 c5 32. Qxf5 Bg7 33. Qf7 Rf8 34. Qxe7 Rd5 35. Be3 c4 36. a6 c3 37. Qxa7 c2 38. Qxb6 Be5+ 39. f4 Rxf4 40. g3 Re4 41. e7 Bxg3+ 42. Kxg3 Rxe7 43. Qb2+ Kg8 44. Bf4 Re2 45. Qb3 c1=Q 46. Qxd5+ Kg7 47. Bxc1 1-0


[Site "https://www.chess.com"]

[Event "Titled Tuesday Blitz April 12 Late 2022"]
[White "Swicarz, Maciej"]
[Black "Bilych, Olexiy"]
[WhiteFideId "1113585"]
[BlackFideId "14156504"]
[WhiteElo "2057"]
[BlackElo "2176"]
[Result "0-1"]
[Round "05"]
[TimeControl "180+1"]
[Date "2022.04.13"]
[WhiteClock "0:00:11"]
[BlackClock "0:00:29"]

1. e4 e5 2. Nf3 Nc6 3. c3 Nf6 4. d4 exd4 5. e5 Nd5 6. cxd4 d6 7. Bb5 Be7 8. O-O O-O 9. Nc3 dxe5 10. Bxc6 bxc6 11. Nxe5 Nxc3 12. bxc3 Bb7 13. Qb3 Rb8 14. Qa4 c5 15. Qxa7 cxd4 16. Qxd4 c5 17. Qxd8 Rfxd8 18. Bf4 Ra8 19. a4 Bf6 20. Rfb1 Be4 21. Rb5 Rd5 22. Nc4 Bxc3 23. Rc1 Rad8 24. f3 Bd4+ 25. Kh1 Bd3 26. g4 g5 27. Bc7 R8d7 28. Bg3 Re7 29. Rb8+ Kg7 30. a5 Be2 31. Kg2 Bxc4 32. Rxc4 Re2+ 33. Kh3 Ra2 34. Rb5 Bg1 35. f4 Rd3 36. fxg5 Rxh2# 0-1


[Site "https://www.chess.com"]

[Event "Titled Tuesday Blitz April 12 Late 2022"]
[White "Tari, Aryan"]
[Black "Bortnyk, Olexandr"]
[WhiteFideId "1510045"]
[BlackFideId "14120828"]
[WhiteElo "2567"]
[BlackElo "2723"]
[Result "1-0"]
[Round "05"]
[TimeControl "180+1"]
[Date "2022.04.12"]
[WhiteClock "0:00:58"]
[BlackClock "0:00:04"]

1. e4 Nf6 2. e5 Nd5 3. d4 d6 4. Nf3 dxe5 5. Nxe5 c6 6. h3 g6 7. Bc4 Be6 8. O-O Bg7 9. Nf3 Ne3 10. Bxe3 Bxc4 11. Re1 O-O 12. Nbd2 Ba6 13. Ne4 Nd7 14. Qd2 Re8 15. Bh6 Bh8 16. Rad1 Qc7 17. Bf4 Qb6 18. b3 Rad8 19. c4 e5 20. Bg5 f6 21. Bh6 exd4 22. Nd6 Rxe1+ 23. Rxe1 Ne5 24. Nxe5 fxe5 25. Ne4 c5 26. f4 Qb4 27. Qf2 d3 28. fxe5 d2 29. Rf1 Bxc4 30. Qf8+ Rxf8 31. Rxf8# 1-0


[Site "https://www.chess.com"]

[Event "Titled Tuesday Blitz April 12 Late 2022"]
[White "Vasquez Schroeder, Rodrigo"]
[Black "Esipenko, Andrey"]
[WhiteFideId "3400042"]
[BlackFideId "24175439"]
[WhiteElo "2561"]
[BlackElo "2617"]
[Result "1/2-1/2"]
[Round "05"]
[TimeControl "180+1"]
[Date "2022.04.12"]
[WhiteClock "0:00:05"]
[BlackClock "0:00:03"]

1. e4 e5 2. Nf3 Nc6 3. Bb5 a6 4. Ba4 Nf6 5. O-O Be7 6. Re1 b5 7. Bb3 O-O 8. a4 b4 9. d4 d6 10. dxe5 Nxe5 11. Nbd2 Nfd7 12. Nc4 Bf6 13. Nfxe5 Nxe5 14. Ne3 Bb7 15. Nd5 a5 16. Be3 Re8 17. f3 Bh4 18. Rf1 c5 19. Bf4 c4 20. Ba2 Rc8 21. Qd4 Rc5 22. Bxe5 Rxe5 23. Bxc4 Bxd5 24. Bxd5 Rxc2 25. Rab1 Qc7 26. Kh1 Bf6 27. Qd3 Rh5 28. Qxc2 Qxc2 29. Rbc1 Qc5 30. Rxc5 dxc5 31. b3 Bd4 32. f4 Kf8 33. g3 Rh6 34. e5 Rb6 35. Kg2 Rb8 36. Kf3 Rd8 37. Ke4 g6 38. g4 Ke7 39. f5 f6 40. fxg6 hxg6 41. exf6+ Bxf6 42. g5 Bxg5 43. Rf7+ Kd6 44. Bc4 Re8+ 45. Kf3 Re3+ 46. Kg4 Be7 47. Rg7 g5 48. Rg6+ Kd7 49. Ra6 Bd8 50. Bb5+ Kc8 51. Bc4 Re4+ 52. Kf5 Rh4 53. Rc6+ Kb7 54. Rxc5 Rxh2 55. Rd5 Rf2+ 56. Ke4 Rf4+ 57. Ke5 Bc7+ 58. Ke6 g4 59. Rb5+ Ka7 60. Bd5 Bb6 61. Bc6 Bd4 62. Rg5 Kb6 63. Bd5 Bf6 64. Rg6 Kc5 65. Bb7 Bd4 66. Rg5+ Kb6 67. Bd5 Bf6 68. Rg6 Kc5 69. Bb7 Bd8 70. Kd7 Bf6 71. Ke6 1/2-1/2


[Site "https://www.chess.com"]

[Event "Titled Tuesday Blitz April 12 Late 2022"]
[White "Vovk, Orest"]
[Black "Horcajuelo Rocamora, Martin"]
[WhiteFideId "14113490"]
[BlackFideId "24573027"]
[WhiteElo "2203"]
[BlackElo "1822"]
[Result "1/2-1/2"]
[Round "05"]
[TimeControl "180+1"]
[Date "2022.04.13"]
[WhiteClock "0:01:06"]
[BlackClock "0:00:15"]

1. h4 d5 2. h5 c5 3. e4 dxe4 4. Nc3 Nf6 5. h6 g6 6. Qe2 Bf5 7. Qb5+ Qd7 8. Nge2 Qxb5 9. Nxb5 Na6 10. Nec3 O-O-O 11. a3 Ng4 12. f3 exf3 13. gxf3 Nxh6 14. d3 Ng8 15. Nxa7+ Kb8 16. Nab5 e5 17. Ne4 Bxe4 18. fxe4 Nf6 19. Bg5 Be7 20. O-O-O h6 21. Rxh6 Rxh6 22. Bxh6 Ng4 23. Bd2 Nc7 24. Nxc7 Kxc7 25. Be2 Nf6 26. Rf1 b6 27. Bc3 Kd6 28. Rh1 Ke6 29. b3 Bf8 30. Bf1 Bg7 31. Bh3+ Kd6 32. Kb2 Rh8 33. b4 Ng4 34. Bg2 Rxh1 35. Bxh1 f5 36. exf5 gxf5 37. a4 Ne3 38. a5 Nd1+ 39. Kb3 Nxc3 40. Kxc3 cxb4+ 41. Kxb4 bxa5+ 42. Kxa5 Kc5 43. Ka4 Kd4 44. Kb3 Bh6 45. Bb7 Bd2 46. Bc8 f4 47. Bb7 Ke3 48. Kc4 Ke2 49. Kd5 Bc3 50. Kc4 Bb2 51. c3 f3 52. d4 f2 53. Kd5 Bxc3 54. dxe5 Bxe5 55. Ba6+ Ke1 56. Kxe5 f1=Q 57. Bxf1 1/2-1/2


[Site "https://www.chess.com"]

[Event "Titled Tuesday Blitz April 12 Late 2022"]
[White "Vusatiuk, Vladimir"]
[Black "Dimakiling, Oliver"]
[WhiteFideId "14118610"]
[BlackFideId "5202248"]
[WhiteElo "2157"]
[BlackElo "2426"]
[Result "1/2-1/2"]
[Round "05"]
[TimeControl "180+1"]
[Date "2022.04.13"]
[WhiteClock "0:00:01"]
[BlackClock "0:00:39"]

1. d4 Nf6 2. c4 d6 3. Nf3 Bf5 4. Nc3 h6 5. g3 Nbd7 6. Bg2 c6 7. O-O e5 8. e4 Bh7 9. Re1 Be7 10. c5 Qc7 11. cxd6 Bxd6 12. dxe5 Nxe5 13. Nxe5 Bxe5 14. f4 Bxc3 15. bxc3 O-O 16. f5 Rfe8 17. Bf4 Qb6+ 18. Qd4 c5 19. Qd6 Qa5 20. Qd3 Rad8 21. Qc4 Nd7 22. Rad1 Nb6 23. Qb3 c4 24. Qc2 Na4 25. Rxd8 Rxd8 26. Bc7 Qxc7 27. Qxa4 g6 28. f6 g5 29. e5 Bf5 30. Qxa7 Rd2 31. Qxb7 Qc5+ 32. Kh1 Bh3 33. Qa8+ Bc8 34. Rf1 Rd8 35. e6 fxe6 36. f7+ Kf8 37. Bb7 Bxb7+ 38. Qxb7 Qd5+ 39. Qxd5 exd5 40. Rf5 d4 41. cxd4 Rxd4 42. Rc5 Kxf7 43. Rc6 h5 44. a4 Rd1+ 45. Kg2 Rc1 46. a5 c3 47. a6 Ra1 48. Rxc3 Rxa6 49. Rc5 Kf6 50. Rb5 Kg6 51. Rb2 g4 52. Rf2 Ra3 53. h3 Ra1 54. hxg4 hxg4 55. Rf4 Kg5 56. Rf2 Ra3 57. Re2 Rf3 58. Rf2 Re3 59. Rd2 Kf5 60. Rd5+ Ke4 61. Rd8 Re2+ 62. Kf1 Ra2 63. Rf8 Ke3 64. Rf4 Ra1+ 65. Kg2 Ra2+ 66. Kg1 Rb2 67. Rxg4 Kf3 68. Rg8 Rg2+ 69. Kf1 Rh2 70. Ke1 Rg2 71. g4 Rxg4 72. Rxg4 Kxg4 1/2-1/2


[Site "https://www.chess.com"]

[Event "Titled Tuesday Blitz April 12 Late 2022"]
[White "Ward, Ieuan C"]
[Black "Martic, Ivan"]
[WhiteFideId "406627"]
[BlackFideId "929301"]
[WhiteElo "2286"]
[BlackElo "2317"]
[Result "0-1"]
[Round "05"]
[TimeControl "180+1"]
[Date "2022.04.13"]
[WhiteClock "0:00:20"]
[BlackClock "0:01:05"]

1. d4 Nf6 2. c4 g6 3. Nc3 Bg7 4. Nf3 O-O 5. Bg5 d6 6. e3 h6 7. Bh4 c5 8. d5 Bf5 9. Be2 Qb6 10. Qd2 g5 11. Bg3 Ne4 12. Nxe4 Bxe4 13. Bd3 Qxb2 14. Qxb2 Bxb2 15. Rd1 Bc3+ 16. Ke2 Bh7 17. h4 g4 18. Nd2 Na6 19. Ne4 Bg7 20. a3 Nc7 21. Rb1 b6 22. f3 f5 23. Nf2 h5 24. Bf4 Rab8 25. fxg4 fxg4 26. Ne4 b5 27. cxb5 Nxd5 28. Rbf1 c4 29. Bc2 Bxe4 0-1


[Site "https://www.chess.com"]

[Event "Titled Tuesday Blitz April 12 Late 2022"]
[White "Wieczorek, Oskar"]
[Black "Kazakouski, Valery"]
[WhiteFideId "1133950"]
[BlackFideId "13507443"]
[WhiteElo "2319"]
[BlackElo "2524"]
[Result "0-1"]
[Round "05"]
[TimeControl "180+1"]
[Date "2022.04.12"]
[WhiteClock "0:01:17"]
[BlackClock "0:02:39"]

1. e4 c5 2. Nf3 a6 3. Nc3 e6 4. d4 b5 5. g3 cxd4 6. Nxd4 Bb7 7. Bg2 b4 8. Na4 Nf6 9. O-O Bxe4 10. Bxe4 Nxe4 11. Re1 Nc5 12. c3 Nc6 13. Nxc5 Bxc5 14. Nxc6 dxc6 15. Qa4 Qb6 16. cxb4 Bxf2+ 0-1


[Site "https://www.chess.com"]

[Event "Titled Tuesday Blitz April 12 Late 2022"]
[White "Xiong, Jeffery"]
[Black "Bordi, Kevin"]
[WhiteFideId "2047640"]
[BlackFideId "621862"]
[WhiteElo "2727"]
[BlackElo "2772"]
[Result "1/2-1/2"]
[Round "05"]
[TimeControl "180+1"]
[Date "2022.04.12"]
[WhiteClock "0:00:28"]
[BlackClock "0:00:15"]

1. d4 d5 2. Nf3 Nf6 3. Bf4 c5 4. e3 Nc6 5. Nbd2 cxd4 6. exd4 Bg4 7. c3 e6 8. Qb3 Qb6 9. h3 Bxf3 10. Qxb6 axb6 11. Nxf3 Ne4 12. Bb5 Bd6 13. Ne5 Bxe5 14. Bxe5 Ke7 15. Bc7 Nd6 16. Bd3 Na5 17. Bxb6 Nb3 18. Rb1 Rxa2 19. Bc2 Na1 20. Bd3 Nc4 21. Bc5+ Kd7 22. Ke2 Nb3 23. Bxc4 dxc4 24. Ba3 Ra8 25. Ke3 Kc6 26. f4 Kd5 27. Rbe1 R8xa3 28. bxa3 Rxg2 29. f5 Rg3+ 30. Kf4 Rxc3 31. Re5+ Kxd4 32. fxe6 fxe6 33. Rxe6 Rd3 34. Re7 Nc5 35. Rb1 Rxa3 36. Rb6 Rxh3 37. Rxg7 c3 38. Rg2 Rh5 39. Rb4+ Kd3 40. Rg3+ Kd2 41. Rg2+ Kd3 42. Rg3+ Kd2 43. Rg2+ Kd3 1/2-1/2


[Site "https://www.chess.com"]

[Event "Titled Tuesday Blitz April 12 Late 2022"]
[White "Yedidia, Daniel"]
[Black "Sernecki, Franciszek"]
[WhiteFideId "30905907"]
[BlackFideId "1169297"]
[WhiteElo "2609"]
[BlackElo "2165"]
[Result "0-1"]
[Round "05"]
[TimeControl "180+1"]
[Date "2022.04.13"]
[WhiteClock "0:00:03"]
[BlackClock "0:00:03"]

1. d4 Nf6 2. c4 e6 3. Nc3 Bb4 4. e3 c5 5. Ne2 O-O 6. g3 d5 7. cxd5 cxd4 8. Qxd4 Nxd5 9. Bg2 Nc6 10. Qc4 Ne5 11. Qe4 Nxc3 12. Nxc3 Nd3+ 13. Ke2 Nxc1+ 14. Raxc1 Qa5 15. a3 Be7 16. Rhd1 b6 17. Kf1 Ba6+ 18. Kg1 Rad8 19. h3 h6 20. Kh2 Bf6 21. Qc2 Qc5 22. Rxd8 Rxd8 23. Ne4 Qe5 24. Nxf6+ Qxf6 25. b4 g6 26. a4 Bd3 27. Qc7 Kg7 28. Kg1 Be2 29. Qxa7 Rd2 30. Qxb6 Bd1 31. e4 Bxa4 32. Qe3 Rb2 33. e5 Qe7 34. Rc4 Rxb4 35. Qd4 Rxc4 36. Qxc4 Qd7 37. Qf4 Bc6 38. Qf6+ Kg8 39. Bf1 Be4 40. Qf4 Bf5 41. Qxh6 Qd1 42. Kg2 Be4+ 43. f3 Qxf3+ 44. Kg1 Qxg3+ 45. Bg2 Qxg2# 0-1


[Site "https://www.chess.com"]

[Event "Titled Tuesday Blitz April 12 Late 2022"]
[White "Zanette, Edgard Vinicius"]
[Black "Ronka, Erik"]
[WhiteFideId "2109263"]
[BlackFideId "505080"]
[WhiteElo "2182"]
[BlackElo "2264"]
[Result "0-1"]
[Round "05"]
[TimeControl "180+1"]
[Date "2022.04.13"]
[WhiteClock "0:00:04"]
[BlackClock "0:00:51"]

1. e4 c5 2. Nc3 Nc6 3. f4 g6 4. Nf3 Bg7 5. Bb5 Nd4 6. O-O a6 7. Bd3 d6 8. Nxd4 cxd4 9. Ne2 d5 10. e5 f6 11. exf6 Bxf6 12. f5 e5 13. fxe6 Bxe6 14. Nf4 Bf7 15. Qf3 Qd7 16. Re1+ Kf8 17. b3 Kg7 18. Ba3 Ne7 19. Rf1 Ng8 20. Qg3 g5 21. h4 h6 22. Rf2 Ne7 0-1


[Site "https://www.chess.com"]

[Event "Titled Tuesday Blitz April 12 Late 2022"]
[White "Zherebtsova, Alexandra"]
[Black "Prado, Alexandra"]
[WhiteFideId "24129518"]
[BlackFideId "3301346"]
[WhiteElo "2025"]
[BlackElo "1678"]
[Result "1-0"]
[Round "05"]
[TimeControl "180+1"]
[Date "2022.04.13"]
[WhiteClock "0:00:40"]
[BlackClock "0:00:01"]

1. d4 Nf6 2. Nf3 g6 3. c4 Bg7 4. Nc3 O-O 5. e4 d6 6. h3 e5 7. d5 Nbd7 8. Be3 Nh5 9. Nh2 a5 10. Be2 Nf4 11. Bf1 Nc5 12. g3 Nxh3 13. Nf3 Nxf2 14. Bxf2 f5 15. Nd2 f4 16. Qe2 fxg3 17. Bxg3 Qf6 18. O-O-O h5 19. Bh4 Qf7 20. Bh3 Bh6 21. Rdf1 Qg7 22. Rxf8+ Qxf8 23. Rf1 Qg7 24. Bxc8 Rxc8 25. Kc2 Rf8 26. Rg1 Rf4 27. Bg5 Bxg5 28. Rxg5 Qf6 29. Rg2 1-0


[Site "https://www.chess.com"]

[Event "Titled Tuesday Blitz April 12 Late 2022"]
[White "Zhigalko, Sergei"]
[Black "Naroditsky, Daniel"]
[WhiteFideId "13502956"]
[BlackFideId "2026961"]
[WhiteElo "2662"]
[BlackElo "2608"]
[Result "1/2-1/2"]
[Round "05"]
[TimeControl "180+1"]
[Date "2022.04.12"]
[WhiteClock "0:00:57"]
[BlackClock "0:01:16"]

1. e4 c5 2. Nf3 d6 3. d4 cxd4 4. Qxd4 a6 5. Bc4 Nc6 6. Qd3 Nf6 7. Nc3 Bg4 8. Bb3 e6 9. Bf4 Qa5 10. O-O Be7 11. h3 Bh5 12. Nd2 Ne5 13. Qg3 O-O 14. Rfe1 Bg6 15. Bxe5 Qxe5 16. Qxe5 dxe5 17. Nc4 Bb4 18. f3 Rac8 19. Nxe5 Rxc3 20. bxc3 Bxc3 21. Nd3 Rc8 22. Rab1 Bxe1 23. Rxe1 Kf8 24. Kf2 1/2-1/2


[Site "https://www.chess.com"]

[Event "Titled Tuesday Blitz April 12 Late 2022"]
[White "Zhou, Qiyu"]
[Black "Ambartsumova, Karina"]
[WhiteFideId "505161"]
[BlackFideId "4166299"]
[WhiteElo "1925"]
[BlackElo "2262"]
[Result "0-1"]
[Round "05"]
[TimeControl "180+1"]
[Date "2022.04.13"]
[WhiteClock "0:00:09"]
[BlackClock "0:00:18"]

1. e4 e5 2. Nf3 Nc6 3. Bb5 a6 4. Ba4 Nf6 5. O-O Be7 6. Re1 b5 7. Bb3 O-O 8. h3 Bb7 9. c3 d5 10. d3 Qd7 11. Qe2 Rfe8 12. Nbd2 Bf8 13. Nf1 h6 14. Ng3 g6 15. Be3 Na5 16. Bc2 c5 17. Rad1 Nc6 18. Nh2 d4 19. Bc1 dxc3 20. bxc3 b4 21. Bb2 bxc3 22. Bxc3 Nd4 23. Bxd4 cxd4 24. Rb1 a5 25. Rec1 a4 26. Nf3 Bc6 27. Nd2 Bd6 28. Nc4 Bc7 29. Qd2 Kg7 30. Ne2 Reb8 31. Rxb8 Rxb8 32. Rb1 Rxb1+ 33. Bxb1 Qe7 34. Qb2 Qc5 35. Nd2 a3 36. Qc2 Qb6 37. Nc4 Qb4 38. Kh2 Bd6 39. Nxd6 Qxd6 40. Qb3 Qc5 41. Bc2 Bd7 42. g3 Be6 43. Qb1 Nd7 44. Bb3 Qb4 45. Nc1 Nc5 46. Qc2 Bxb3 47. Nxb3 Nxb3 48. axb3 Qc3 49. Qb1 Qb2 0-1


[Site "https://www.chess.com"]

[Event "Titled Tuesday Blitz April 12 Late 2022"]
[White "profaVa"]
[Black "Harish, Neeraj"]
[BlackFideId "30958130"]
[WhiteElo "2417"]
[BlackElo "1574"]
[Result "1-0"]
[Round "05"]
[TimeControl "180+1"]
[Date "2022.04.13"]
[WhiteClock "0:01:24"]
[BlackClock "0:00:02"]

1. e4 c5 2. c3 Nf6 3. e5 Nd5 4. Nf3 Nc6 5. d4 cxd4 6. Bc4 Nb6 7. Bb3 d6 8. exd6 Qxd6 9. Na3 a6 10. O-O e6 11. Nxd4 Nxd4 12. cxd4 Be7 13. Qf3 O-O 14. Bf4 Qxd4 15. Be3 Qb4 16. Rfd1 Nd5 17. Nc2 Qb5 18. Bxd5 exd5 19. Nd4 Qe8 20. Qxd5 Bd7 21. Nf5 Be6 22. Nxe7+ Qxe7 23. Qh5 Rfd8 24. h3 h6 25. Bb6 Rxd1+ 26. Rxd1 Qb4 27. Bd4 Rd8 28. Qh4 g5 29. Qe4 Bd5 30. Qe5 f6 31. Qxf6 1-0


[Site "https://www.chess.com"]

[Event "Titled Tuesday Blitz April 12 Late 2022"]
[White "Alekseenko, Kirill"]
[Black "Caruana, Fabiano"]
[WhiteFideId "4135539"]
[BlackFideId "2020009"]
[WhiteElo "2682"]
[BlackElo "2744"]
[Result "0-1"]
[Round "06"]
[TimeControl "180+1"]
[Date "2022.04.12"]
[WhiteClock "0:00:07"]
[BlackClock "0:00:29"]

1. e4 c5 2. Nf3 e6 3. d4 cxd4 4. Nxd4 Nc6 5. Nc3 Qc7 6. Be2 a6 7. O-O Nf6 8. Be3 Be7 9. f4 d6 10. Qe1 O-O 11. Qg3 Nxd4 12. Bxd4 b5 13. a3 Bb7 14. Kh1 Rad8 15. Rae1 Rfe8 16. Rd1 Rd7 17. Bf3 Qd8 18. Qf2 Bf8 19. Rfe1 e5 20. Be3 h6 21. f5 d5 22. exd5 Nxd5 23. Nxd5 Bxd5 24. Bxd5 Rxd5 25. Qf3 Rxd1 26. Rxd1 Qc8 27. Qe4 f6 28. h3 Rd8 29. Rxd8 Qxd8 30. c3 Qd1+ 31. Kh2 Bd6 32. h4 h5 33. Qa8+ Kh7 34. Qe4 a5 35. Bf2 a4 36. Bg3 Bc5 37. Kh3 Qh1+ 38. Bh2 Bg1 0-1


[Site "https://www.chess.com"]